Map: Honorgrounds LE

Players

Malcolm

  • Race: Zerg Zerg
  • Spawn Location: 7:00

Arctur - Winner!

  • Race: Terran Terran
  • Spawn Location: 5:00

Event: IEM XI Katowice - World Championship 2017

VOD

Have the link to the VOD?

Description

Time

  • Played on: Feb. 28, 2017, 5:35 a.m.
  • Length: 6:40

All games in this series

Show
View Real Time Build Order
Export as new Build Order

Malcolm Zerg 

Build Orders: Pool First, Roach Nydus 

Get SALT Encoding   

  12  0:00  Drone  
  13  0:12  Overlord  
  13  0:18  Drone  
  14  0:31  Drone x2  
  14  0:34  Drone  
  17  0:44  Extractor  
  17  0:45  Drone  
  17  0:52  Spawning Pool  
  16  0:57  Drone  
  17  1:07  Drone  
  18  1:22  Hatchery  
  17  1:26  Drone  
  17  1:29  Drone  
  19  1:40  Queen  
  19  1:44  Zergling x2  
  22  2:01  Roach Warren  
  21  2:02  Drone  
  21  2:05  Overlord  
  22  2:23  Queen  
  24  2:42  Roach x4  
  32  2:49  Overlord  
  32  2:53  Drone x3  
  34  3:04  Ravager  
  34  3:05  Overlord  
  35  3:07  Drone  
  35  3:08  Drone  
  35  3:12  Ravager  
  38  3:14  Ravager  
  38  3:16  Drone  
  40  3:23  Drone  
  40  3:24  Drone x2  
  43  3:27  Drone x2  
  43  3:32  Drone  
  43  3:33  Drone  
  47  3:38  Drone x2  
  46  3:55  Drone  
  47  3:57  Drone  
  47  3:58  Lair  
  46  4:04  Queen  
  46  4:05  Extractor x2  
  46  4:11  Overlord  
  46  4:12  Overlord  
  46  4:13  Roach x3  
  52  4:20  Overlord  
  52  4:23  Overlord  
  52  4:30  Roach  
  52  4:31  Roach  
  56  4:40  Queen  
  56  4:43  Overlord  
  58  4:53  Roach  
  58  4:54  Roach x5  
  66  5:04  Queen  
  66  5:13  Nydus Network  
  65  5:18  Queen  
  65  5:20  Roach  
  65  5:21  Roach  
  71  5:27  Roach  
  71  5:28  Roach  
  75  5:39  Queen  
  75  5:42  Overseer  
  75  5:45  Drone  
  75  5:46  Drone  
  73  5:51  Nydus Canal  
  73  5:52  Overseer  
  73  5:55  Roach  
  74  6:00  Roach x2  
  74  6:03  Roach  
  76  6:14  Roach x2  
  80  6:22  Nydus Canal  
Show
View Real Time Build Order
Export as new Build Order

Arctur Terran - Winner!

Build Orders:  

Get SALT Encoding   

  12  0:00  SCV  
  13  0:12  SCV  
  14  0:18  Supply Depot  
  14  0:24  SCV  
  15  0:29  Refinery  
  15  0:40  SCV  
  16  0:45  Barracks  
  16  0:52  SCV  
  17  1:04  SCV  
  18  1:16  SCV  
  20  1:32  Reaper, Orbital Command  
  20  1:46  Command Center  
  20  1:54  Factory  
  20  1:58  SCV  
  21  2:06  Supply Depot  
  21  2:08  Barracks Reactor  
  21  2:12  SCV  
  22  2:16  Refinery  
  22  2:24  SCV  
  23  2:36  SCV  
  24  2:44  Starport  
  24  2:45  Marine x2  
  24  2:49  Widow Mine, SCV  
  29  2:59  Orbital Command  
  29  3:01  SCV  
  29  3:03  Marine x2  
  32  3:12  Bunker  
  32  3:13  SCV  
  33  3:21  Marine x2  
  33  3:22  Cyclone  
  33  3:25  Starport Tech Lab  
  38  3:28  SCV  
  38  3:29  SCV  
  40  3:42  Supply Depot  
  40  3:47  Marine x2  
  42  3:54  Cyclone  
  42  4:04  Supply Depot, SCV x2  
  44  4:10  Supply Depot  
  44  4:11  Marine x2  
  44  4:14  Cloaking Field  
  46  4:25  Banshee, SCV x2  
  46  4:28  Factory Tech Lab  
  46  4:29  Marine x2  
  46  4:30  Supply Depot  
  53  4:38  SCV x2  
  55  4:44  Supply Depot  
  55  4:47  Marine x2  
  55  4:50  SCV x2  
  56  5:02  SCV x2  
  56  5:04  Marine x2  
  59  5:08  Siege Tank, Banshee  
  65  5:14  SCV x2  
  67  5:22  Marine x2, Command Center  
  67  5:26  SCV x2  
  71  5:28  Supply Depot  
  71  5:36  Engineering Bay, Refinery  
  71  5:38  Engineering Bay  
  71  5:53  Marine x2, Siege Tank  
  76  6:18  Barracks  
  76  6:21  Barracks  
  76  6:25  Starport Reactor  
  76  6:26  Refinery  
  79  6:32  Command Center  

Tags
 
Add a new tag
Caveats
  • Supply blocks, unpowered buildings, or Contaminate may cause inaccurate times.
  • Supply counts are checked every 10 seconds.